 Dungeon Crawl Stone Soup version 0.29-a0-243-g602b31c20e (webtiles) character file.

Game seed: 9066726914663416819

9 Hubjo the Sneak (level 2, -1/20 HPs)
             Began as a Vampire Enchanter on Mar 4, 2022.
             Slain by an endoplasm (3 damage)
             ... on level 1 of the Dungeon.
             The game lasted 00:00:21 (179 turns).

Hubjo the Sneak (Vampire Enchanter)                  Turns: 179, Time: 00:00:21

Health: -1/20      AC:  2    Str:  7    XL:     2   Next: 3%
Magic:  5/5        EV: 12    Int: 17    God:
Gold:   6          SH:  0    Dex: 14    Spells: 5/5 levels left

rFire   . . .      SeeInvis +   a - +1 dagger
rCold   . . .      Faith    .   (no shield)
rNeg    . . .      Spirit   .   b - +0 robe
rPois   .          Reflect  .   (no helmet)
rElec   .          Harm     .   (no cloak)
rCorr   .          Rampage  .   (no gloves)
Will    .....                   (no boots)
Stlth   +++.......              (no amulet)
HPRegen 0.26/turn               (no ring)
MPRegen 0.09/turn               (no ring)

@: healing quickly
A: alive, fangs 3, see invisible, vampiric 1
a: Exsanguinate


You were on level 1 of the Dungeon.
You visited 1 branch of the dungeon, and saw 1 of its levels.

You collected 6 gold pieces.

Inventory:

Hand Weapons
 a - a +1 dagger (weapon)
Armour
 b - a +0 robe (worn)
Scrolls
 f - a scroll of amnesia {unknown}
 g - 3 scrolls of fog {unknown}
Potions
 c - a potion of invisibility
 d - 2 potions of curing {unknown}
 e - a potion of flight {unknown}


   Skills:
 * Level 0.5 Fighting
 + Level 1.2 Short Blades
 + Level 2.4 Dodging
 * Level 4.8 Stealth
 - Level 2.0 Spellcasting
 + Level 4.5 Hexes


You had 5 spell levels left.
You didn't know any spells.
Your spell library contained the following spells:

 Spells                   Type           Power      Damage    Failure   Level
 Confusing Touch          Hex            17%        N/A       9%          3
 Tukima's Dance           Hex            17%        N/A       9%          3
 Ensorcelled Hibernation  Hex/Ice        18%        N/A       12%         2
 Dazzling Flash           Conj/Hex       18%        N/A       22%         3


Dungeon Overview and Level Annotations

Branches:
Dungeon (1/15)

Altars:


Innate Abilities, Weirdness & Mutations

Your natural rate of healing is accelerated.
You have razor-sharp teeth.
You have supernaturally acute eyesight. (SInv)
You are afflicted with vampirism.


Message History

The jackal barks!
The endoplasm jiggles.
There is a large open door here.
You closely miss the jackal. The jackal barely misses you. x2
The endoplasm jiggles.
You hit the jackal. Your bite misses the jackal.
The jackal is severely wounded.
The jackal bites you.
The jackal bites you but does no damage.
The jackal closely misses you.
You barely miss the jackal.
The jackal is severely wounded.
The jackal closely misses you. The jackal misses you.
The jackal closely misses you. The jackal misses you.
You hit the jackal but do no damage. You bite the jackal.
You kill the jackal!
The jackal barely misses you. The jackal closely misses you.
The giant cockroach bites you but does no damage.
The jackal bites you but does no damage.
You hit the giant cockroach. Your bite misses the giant cockroach.
The giant cockroach is moderately wounded.
The jackal bites you but does no damage.
The jackal completely misses you.
The giant cockroach bites you but does no damage.
You hit the giant cockroach but do no damage.
The giant cockroach is moderately wounded.
The jackal bites you.
* * * LOW HITPOINT WARNING * * *
The jackal completely misses you. The giant cockroach bites you.
* * * LOW HITPOINT WARNING * * *
You hit the giant cockroach.
You kill the giant cockroach!
The jackal bites you but does no damage.
The jackal completely misses you.
You have reached level 2!
You barely miss the endoplasm.
The endoplasm is severely wounded.
The jackal bites you but does no damage.
The jackal completely misses you. The endoplasm hits you.
You die...

..................#.....
#####.............#......
.................#######.
..................#......
........###........#.....
........###..............
........##.....###.#...##
.......h##.....###.#.....
r......h@J....##.###.###.
........##....#......(...
.#...#####......##.###.##
#... ..#..#.#........ #
......#...##.###.
.......#.#.#......
.......... ...##.##
+......!.#.# #.#...#
#...#... ..


You could see an endoplasm and 2 jackals.

Vanquished Creatures
  A dart slug (D:1)
  A giant cockroach (D:1)
  A hobgoblin (D:1)
  A jackal (D:1)
  A quokka (D:1)
  A rat (D:1)
6 creatures vanquished.

Notes
Turn   | Place    | Note
-------+----------+-------------------------------------------
     0 | D:1      | Hubjo the Vampire Enchanter began the quest for the Orb.
     0 | D:1      | Reached XP level 1. HP: 13/13 MP: 3/3
   179 | D:1      | Reached XP level 2. HP: 2/20 MP: 5/5
   179 | D:1      | Slain by an endoplasm

Illustrated notes

Levels and vault maps discovered:
D:1:      onia_arrival_pyramid, layout_basic, serial_shops,
          nicolae_shop_advertising_works [nicolae_subvault_shop_adworks],
          dreamdust_princess_bridge, minmay_hedge_maze, grunt_decor_one_mirror,
          nicolae_concentric_dashed_squares_wild

Action                   || total
-------------------------++-------
Melee: Dagger            ||    22
       Bite              ||     1
 Stab: Sleeping          ||     2
Armor: Robe              ||    11
Dodge: Dodged            ||    32

Table legend: (Time is in decaauts)
 A = Elapsed time spent in this place.
 B = Non-inter-level travel time spent in this place.
 C = Inter-level travel time spent in this place.
 D = Time resting spent in this place.
 E = Time spent auto-exploring this place.
 F = Levels seen in this place.
 G = Mean time per level.
                   A        B        C        D        E       F      G
               +--------+--------+--------+--------+--------+-----+--------+
         Total |    177 |    177 |      0 |      0 |    114 |   1 |  177.0 |
       Dungeon |    177 |    177 |      0 |      0 |    114 |   1 |  177.0 |
               +--------+--------+--------+--------+--------+-----+--------+

Top non-repeatable levels by time:
     D:1: 177 daAuts
